 Dungeon Crawl Stone Soup version 0.29-a0-330-g52719c12eb (webtiles) character file.

Game seed: 10593802151584080580

1504 night the Grappler (level 8, 0/61 HPs)
             Began as a Yellow Draconian Warper on May 21, 2022.
             Was a Priest of Wu Jian.
             Slain by Edmund
             ... wielding a +1 vorpal flail
              (4 damage)
             ... on level 5 of the Dungeon.
             The game lasted 00:15:31 (7303 turns).

night the Grappler (Yellow Draconian Warper)        Turns: 7303, Time: 00:15:31

Health: 0/61       AC:  8    Str: 17    XL:     8   Next: 52%
Magic:  11/11      EV: 11    Int: 16    God:    Wu Jian [***...]
Gold:   198        SH:  4    Dex: 11    Spells: 2/12 levels left

rFire   . . .      SeeInvis .     - Unarmed
rCold   . . .      Faith    .   c - +0 buckler of Midwinter {rCorr Str+4}
rNeg    . . .      Spirit   .   (body armour unavailable)
rPois   .          Reflect  .   p - +2 hat
rElec   .          Harm     .   (no cloak)
rCorr   +          Rampage  .   (no gloves)
Will    .....                   (no boots)
Stlth   +.........              (no amulet)
HPRegen 0.20/turn               (no ring)
MPRegen 0.12/turn               (no ring)

@: no status effects
A: spit acid, AC +6, unfitting armour, cold-blooded, acid resistance
a: Breathe Acid, Renounce Religion, Wall Jump, Serpent's Lash


You were on level 5 of the Dungeon.
You worshipped Wu Jian.
Wu Jian was most pleased with you.
You visited 2 branches of the dungeon, and saw 6 of its levels.
You also visited: Ossuary.

You collected 198 gold pieces.

Inventory:

Hand Weapons
 k - a +3 dagger of venom
Missiles
 b - 7 boomerangs of dispersal (quivered)
 d - 137 stones
 e - 16 poisoned darts
 i - 4 curare-tipped darts
 l - 2 throwing nets
 t - 2 boomerangs
Armour
 c - the +0 buckler of Midwinter (worn) {rCorr Str+4}
   (You acquired it on level 3 of the Dungeon)

   Str:       It affects your strength (+4).
   rCorr:     It protects you from acid and corrosion.
 p - a +2 hat (worn)
Jewellery
 m - a +4 ring of protection
 o - a +6 ring of strength
 v - a ring of flight
 x - a ring of poison resistance
 y - an amulet of faith
 B - a +6 ring of intelligence
Wands
 r - a wand of flame (20)
Scrolls
 f - 2 scrolls of torment
 j - 3 scrolls of blinking
 n - a scroll of fog
 q - 3 scrolls of amnesia
 u - a scroll of magic mapping
 w - a scroll of brand weapon
 A - a scroll of identify
Potions
 a - 2 potions of curing
 g - 2 potions of flight
 h - 2 potions of haste
 s - a potion of cancellation
 z - a potion of berserk rage {unknown}
 C - a potion of brilliance {unknown}


   Skills:
 - Level 2.1 Fighting
 - Level 0.8 Throwing
 - Level 2.1 Dodging
 + Level 3.6 Shields
 * Level 8.2 Unarmed Combat
 - Level 2.5 Spellcasting
 + Level 6.3 Translocations


You had 2 spell levels left.
You knew the following spells:

 Your Spells              Type           Power      Damage    Failure   Level
a - Blink                 Tloc           44%        N/A       3%          2
b - Teleport Other        Tloc           22%        N/A       6%          3
c - Manifold Assault      Tloc           22%        N/A       47%         5

Your spell library contained the following spells:

 Spells                   Type           Power      Damage    Failure   Level
 Slow                     Hex            8%         N/A       26%         1
 Ensorcelled Hibernation  Hex/Ice        4%         N/A       36%         2
 Passwall                 Tmut/Erth      1%         N/A       36%         2
 Gell's Gravitas          Tloc           22%        N/A       6%          3
 Lesser Beckoning         Tloc           22%        N/A       6%          3
 Confusing Touch          Hex            2%         N/A       61%         3
 Spider Form              Tmut/Pois      2%         N/A       61%         3
 Swiftness                Air            2%         N/A       61%         3
 Vampiric Draining        Necr           2%         2d6       61%         3
 Anguish                  Hex/Necr       1%         N/A       95%         4
 Cause Fear               Hex            1%         N/A       95%         4
 Dragon Form              Tmut           1%         N/A       100%        7
 Dragon's Call            Summ           1%         N/A       100%        9


Dungeon Overview and Level Annotations

Branches:
Dungeon (5/15)             Temple (1/1) D:4         Ossuary (visited)

Altars:
Ashenzari
Cheibriados
Dithmenos
Elyvilon
Fedhas
Gozag
Hepliaklqana
Kikubaaqudgha
Makhleb
Nemelex Xobeh
Okawaru
Qazlal
Ru
Sif Muna
Trog
Uskayaw
Vehumet
Wu Jian
Xom
Yredelemnul
Zin
The Shining One

Annotations:
D:5 Edmund


Innate Abilities, Weirdness & Mutations

You can spit globs of acid.
Your golden yellow scales are hard. (AC +6)
You cannot fit into any form of body armour.
You are cold-blooded and may be slowed by cold attacks.
You are resistant to acid. (rCorr)


Message History

You hit the gnoll.
Your tail-slap misses the gnoll.
The gnoll is almost dead.
The gnoll misses you.
You barely miss the gnoll.
The gnoll is almost dead.
You barely miss the gnoll.
The gnoll is almost dead.
The gnoll hits you with a +0 spear.
You barely miss the gnoll.
The gnoll is severely wounded.
The gnoll hits you with a +0 spear.
You hit the gnoll but do no damage.
The gnoll is severely wounded.
The gnoll hits you with a +0 spear.
You hit the gnoll.
You kill the gnoll!
The Council accepts your kill.
You see here a +0 spear.
C - an emerald potion Edmund the Younger comes into view.
He is wielding a +1 vorpal flail.
Press: ? - help, Shift-Dir - straight line, f - Edmund
Aim: Edmund, wielding a +1 vorpal flail and wearing a +0 leather armour (64% to hit)
You spit a glob of acid.
The glob of acid hits Edmund!!
Edmund is heavily wounded.
Edmund drinks a potion.
Edmund flickers and vanishes!
Deactivating autopickup; reactivate with Ctrl-A.
You barely miss something.
Your tail-slap misses something.
Something hits you!
You miss something. Something hits you but does no damage.
You hit something.
Your tail-slap misses something.
You block something's attack.
You hit something.
Your tail-slap misses something.
Something hits you.
You closely miss something. Something hits you.
You closely miss something. Something hits you!
You hit something. You tail-slap something. Something hits you!
* * * LOW HITPOINT WARNING * * *
x2 You have got your breath back.
Something hits you but does no damage. Something hits you!
* * * LOW HITPOINT WARNING * * *
You die...

#.# ##..##'..## #.#
##..##)##..# #.#
#..##.).##.# #.#
#...##.##..# #.#
####.#..###..##
##.####........#).##
#................)#
########.......########..#
...........@...# ###.##
####.#########.# #...#
##.## #.# #.### ...# #.#
#.# #..# #.# #.# #..# #.#
#†# #..### #.# #.# #<...#
#.# ##.#.# #.#


There were no monsters in sight!

Vanquished Creatures
  2 black bears
  2 phantoms
  Blork the orc (D:4)
  A water moccasin zombie (Ossuary)
  A howler monkey (D:4)
  3 centaur zombies (Ossuary)
  4 bullfrog zombies (Ossuary)
  A jelly (D:5)
  2 orc priests
  A gnoll shaman (D:5)
  15 mummies (Ossuary)
  2 orc wizards
  2 killer bee zombies (Ossuary)
  4 howler monkey zombies (Ossuary)
  7 gnolls
  2 adders
  2 worms
  4 dart slugs
  11 orcs
  10 ball pythons
  8 bats
  7 endoplasms
  5 giant cockroaches
  5 goblins
  9 hobgoblins
  9 jackals
  4 quokkas
  4 frilled lizards
  10 kobolds
  7 rats
  A spectral goblin (D:2)
146 creatures vanquished.

Vanquished Creatures (others)
  9 withered plants (Ossuary)
9 creatures vanquished.

Grand Total: 155 creatures vanquished

Notes
Turn   | Place    | Note
-------+----------+-------------------------------------------
     0 | D:1      | night the Draconian Warper began the quest for the Orb.
     0 | D:1      | Reached XP level 1. HP: 17/17 MP: 3/3
   268 | D:1      | Reached XP level 2. HP: 23/24 MP: 5/5
   369 | D:1      | Learned a level 2 spell: Blink
   664 | D:1      | Reached skill level 3 in Unarmed Combat
   801 | D:1      | Reached XP level 3. HP: 24/29 MP: 6/6
  1301 | D:2      | Found a faded altar of an unknown god.
  1319 | D:2      | Prayed at the altar of an unknown god.
  1319 | D:2      | Became a worshipper of the Wu Jian Council
  1319 | D:2      | Reached * piety under Wu Jian
  2281 | D:2      | Reached XP level 4. HP: 35/36 MP: 7/7
  2301 | D:2      | Learned a level 3 spell: Teleport Other
  2446 | D:3      | Identified 2 scrolls of acquirement
  2446 | D:3      | Acquired a +1 hat
  2454 | D:3      | Acquired the +0 buckler of Midwinter {rCorr Str+4}
  2758 | D:3      | Reached skill level 4 in Unarmed Combat
  2772 | D:3      | Reached XP level 5. HP: 30/41 MP: 8/8
  3288 | D:3      | Reached ** piety under Wu Jian
  3764 | D:4      | Noticed Blork the orc
  3780 | D:4      | Killed Blork the orc
  4086 | D:4      | Found a staircase to the Ecumenical Temple.
  4096 | Temple   | Entered the Ecumenical Temple
  4663 | D:4      | Reached skill level 5 in Unarmed Combat
  4732 | D:4      | Reached XP level 6. HP: 28/48 MP: 9/9
  4903 | D:4      | Learned a level 5 spell: Manifold Assault
  5365 | D:4      | Reached skill level 6 in Unarmed Combat
  5532 | D:4      | Reached skill level 5 in Translocations
  5532 | D:4      | Your scales start taking on a golden yellow colour.
  5532 | D:4      | Reached XP level 7. HP: 49/55 MP: 10/10
  5532 | D:4      | Gained mutation: You are resistant to acid. (rCorr) [Yellow
                  | Draconian growth]
  5613 | D:4      | Found a shadowy altar of Dithmenos.
  5815 | D:5      | Entered Level 5 of the Dungeon
  5911 | D:5      | Reached skill level 1 in Shields
  6083 | D:5      | Found a sand-covered staircase.
  6087 | Ossuary  | Entered an ossuary
  6298 | Ossuary  | Reached skill level 2 in Shields
  6321 | Ossuary  | HP: 8/55 [bullfrog zombie (4)]
  6329 | Ossuary  | Reached skill level 7 in Unarmed Combat
  6330 | Ossuary  | Reached *** piety under Wu Jian
  6421 | Ossuary  | Reached XP level 8. HP: 44/61 MP: 11/11
  7020 | Ossuary  | Reached skill level 8 in Unarmed Combat
  7287 | D:5      | Noticed Edmund
  7303 | D:5      | HP: 4/61 [something (11)]
  7303 | D:5      | Slain by Edmund

Illustrated notes

Levels and vault maps discovered:
D:1:      minmay_arrival_loop, layout_loops_ring
D:2:      layout_loops_corners, dreamdust_ecumenical_altar_drowned_temple,
          lemuel_old_faithful
D:3:      minmay_diamond_boxcup, layout_basic,
          nicolae_concentric_dashed_squares_wild, kennysheep_generic_room_8
D:4:      layout_loops_cross, grunt_dithmenos_smoke,
          minmay_temple_entry_poolview, uniq_blork_the_orc
D:5:      layout_loops_ring, enter_ossuary_5, serial_shops, shop, uniq_edmund
Temple:   mainiacjoe_temple_starburst

Skill      XL: |  1  2  3  4  5  6  7  8 |
---------------+-------------------------+-----
Unarmed Combat | 3 4 5 6 7 8 |  8.2
Translocations | 4 5 6 |  6.3
Shields        | 2 3 |  3.6
Fighting       | |  2.1
Throwing       | |  0.8
Dodging        | |  2.1
Spellcasting   | |  2.5

Action                   |  1- 3 |  4- 6 |  7- 9 || total
-------------------------+-------+-------+-------++-------
Melee: Unarmed           |   244 |   238 |   260 ||   742
       Tailslap          |    18 |    25 |    44 ||    87
       Punch             |     5 |     5 |       ||    10
Throw: Dart              |       |     3 |       ||     3
 Cast: Blink             |       |     1 |       ||     1
Invok: Lunge             |     8 |    12 |     6 ||    26
       Whirlwind         |       |       |     4 ||     4
 Abil: Breathe Acid      |       |       |     6 ||     6
  Use: Scroll            |     1 |     9 |     5 ||    15
       Potion            |       |     5 |     1 ||     6
 Stab: Distracted        |       |       |     2 ||     2
Armor: Skin              |    83 |    74 |    77 ||   234
Dodge: Dodged            |   202 |   114 |   126 ||   442
Block: Buckler           |       |     3 |    40 ||    43

Table legend: (Time is in decaauts)
 A = Elapsed time spent in this place.
 B = Non-inter-level travel time spent in this place.
 C = Inter-level travel time spent in this place.
 D = Time resting spent in this place.
 E = Time spent auto-exploring this place.
 F = Levels seen in this place.
 G = Mean time per level.
                   A        B        C        D        E       F      G
               +--------+--------+--------+--------+--------+-----+--------+
         Total |   7293 |   7164 |    129 |    877 |   4966 |   7 | 1041.9 |
       Dungeon |   5741 |   5660 |     81 |    358 |   4301 |   5 | 1148.2 |
        Temple |    512 |    464 |     48 |      0 |    447 |   1 |  512.0 |
       Ossuary |   1039 |   1039 |      0 |    518 |    217 |   1 | 1039.0 |
               +--------+--------+--------+--------+--------+-----+--------+

Top non-repeatable levels by time:
     D:4: 1569 daAuts
     D:3: 1359 daAuts
     D:1: 1191 daAuts
     D:2: 1144 daAuts
 Ossuary: 1039 daAuts
  Temple: 512 daAuts
     D:5: 476 daAuts
